 Dungeon Crawl Stone Soup version 0.29-a0-993-g4a18f31a58 (webtiles) character file.

Game seed: 13541486594390057085

48 vurker the Sneak (level 3, 18/18 HPs)
             Began as a Vine Stalker Enchanter on Aug 2, 2022.
             Was a Follower of Trog.
             Quit the game on level 1 of the Dungeon.
             The game lasted 00:02:15 (2356 turns).

vurker the Sneak (Vine Stalker Enchanter)           Turns: 2356, Time: 00:02:15

Health: 18/18      AC:  2    Str: 12    XL:     3   Next: 72%
Magic:  7/7        EV: 12    Int: 15    God:    Trog [*.....]
Gold:   95         SH:  0    Dex: 14    Spells: 6/6 levels left

rFire   . . .      SeeInvis .   m - +2 dagger (protect)
rCold   . . .      Faith    .   (no shield)
rNeg    . . .      Spirit   +   b - +0 robe
rPois   .          Reflect  .   (no helmet)
rElec   .          Harm     .   (no cloak)
rCorr   .          Rampage  .   (no gloves)
Will    .....                   (no boots)
Stlth   +++.......              (no amulet)
HPRegen 0.06/turn               (no ring)
MPRegen 0.10/turn               (no ring)

@: no status effects
A: fangs 2, magic shield, antimagic bite, no potion heal 2
a: Renounce Religion, Berserk


You were on level 1 of the Dungeon.
You worshipped Trog.
Trog was aware of your devotion.
You visited 1 branch of the dungeon, and saw 2 of its levels.

You collected 95 gold pieces.

Inventory:

Hand Weapons
 m - a +2 dagger of protection (weapon)
   (You took it off an orc on level 2 of the Dungeon)
Armour
 b - a +0 robe (worn)
Wands
 t - a wand of flame (24)
   (You found it on level 2 of the Dungeon)
Scrolls
 e - a scroll of blinking {unknown}
 h - 2 scrolls of fog {unknown}
 i - a scroll of poison {unknown}
 j - a scroll of brand weapon {unknown}
 l - a scroll of teleportation {unknown}
Potions
 c - 2 potions of invisibility
 d - a potion of mutation {unknown}
 f - a potion of cancellation {unknown}
 g - a potion of heal wounds {unknown}
 k - a potion of degeneration {unknown}


   Skills:
 + Level 1.2 Fighting
 * Level 2.2 Short Blades
 - Level 1.5 Dodging
 + Level 4.3 Stealth
 - Level 2.1 Spellcasting
 - Level 3.0 Hexes


You had 6 spell levels left.
You didn't know any spells.
Your spell library contained the following spells:

 Spells                   Type           Power      Damage    Failure   Level
 Ensorcelled Hibernation  Hex/Ice        12%        N/A       19%         2
 Confusing Touch          Hex            10%        N/A       19%         3
 Tukima's Dance           Hex            10%        N/A       19%         3
 Dazzling Flash           Conj/Hex       12%        N/A       34%         3


Dungeon Overview and Level Annotations

Branches:
Dungeon (2/15)

Altars:
Trog


Innate Abilities, Weirdness & Mutations

You have extremely sharp teeth.
When hurt, damage is shared between your health and your magic reserves.
Your bite disrupts and absorbs the magic of your enemies.
Potions cannot restore your health.


Message History

You closely miss the giant cockroach. You bite the giant cockroach.
You drain its power. The giant cockroach misses you.
You completely miss the giant cockroach.
You bite the giant cockroach.
You kill the giant cockroach!
You see here a giant cockroach corpse.
(D) Dungeon
Where to? (Enter - D:2 @ (x,y), ? - help)
There is a stone staircase leading up here.
An orc is nearby!
The orc shouts!
You hit the orc but do no damage.
The orc hits you with a +2 dagger of protection.
You hit the orc but do no damage.
The orc hits you with a +2 dagger of protection.
* * * LOW HITPOINT WARNING * * *
You hit the orc. The orc closely misses you.
You hit the orc but do no damage. The orc closely misses you.
You hit the orc but do no damage. The orc closely misses you.
You closely miss the orc. You bite the orc, but do no damage.
The orc hits you with a +2 dagger of protection.
You hit the orc. You hit the orc.
You kill the orc!
You see here a +2 dagger of protection.
You see here a +2 dagger of protection.
m - a +2 dagger of protection Your +2 dagger of protection hums with potential!
m - a +2 dagger of protection (weapon)
You drop a +1 dagger.
A worm is nearby!
A worm is nearby!
A worm is nearby!
You are too injured to fight recklessly!
There is a stone staircase leading up here.
You climb upwards.
There is a stone staircase leading down here.
You start resting.
You start resting.
There is a faded altar of an unknown god here.
There is a fountain of clear blue water here.
There is a faded altar of an unknown god here.
There is a faded altar of an unknown god here.
There is a faded altar of an unknown god here.
Unknown command.
Press < or > to pray at altars.
You cannot tell which god this altar belongs to.
Convert to them anyway?
Trog accepts your prayer! Trog welcomes you!
You can now go berserk at will.

..#######..# #.........#
...........###########.###
#######.............##.#
#######..##########.##.#
#.......###########.##.#
>.......##⌠..#8.8##.##.#
........+....#...##.##.#
.#####..##♣..#..⌠##.##.#
.# #..+...<#>.@⌠#.##.# .#
#.)##♣..#..⌠##.##.#
.#####..'....#...##.##.#
....)...##⌠..#8.8##.##.#
.####...###########..#.#
....#....#########...#.#
.........#...........#.#
......####.########..#.#
....#.# #.# #..#.#


There were no monsters in sight!

Vanquished Creatures
  2 worms (D:2)
  2 dart slugs (D:1)
  An orc (D:2)
  An endoplasm (D:1)
  2 giant cockroaches
  3 hobgoblins
  6 jackals (D:2)
  2 kobolds (D:1)
  A quokka (D:1)
  5 ball pythons
  A bat (D:1)
  2 frilled lizards
  3 goblins
  3 rats
34 creatures vanquished.

Notes
Turn   | Place    | Note
-------+----------+-------------------------------------------
     0 | D:1      | vurker the Vine Stalker Enchanter began the quest for the
                  | Orb.
     0 | D:1      | Reached XP level 1. HP: 9/9 MP: 4/4
    81 | D:1      | Reached skill level 1 in Short Blades
   372 | D:1      | Reached XP level 2. HP: 14/14 MP: 4/6
   698 | D:1      | Reached skill level 4 in Stealth
  1480 | D:2      | Reached XP level 3. HP: 6/17 MP: 1/7
  1702 | D:2      | Reached skill level 1 in Fighting
  2355 | D:1      | Prayed at the altar of an unknown god.
  2355 | D:1      | Became a worshipper of Trog the Wrathful
  2355 | D:1      | Reached * piety under Trog
  2356 | D:1      | Quit the game

Illustrated notes

Levels and vault maps discovered:
D:1:      spicycebolla_arrival_ecumenical, layout_basic,
          nicolae_concentric_dashed_squares_mild
D:2:      layout_rooms, minmay_hexomino_p4

Skill      XL: |  1  2  3 |
---------------+----------+-----
Short Blades   | 1 2 |  2.2
Stealth        | 4 |  4.3
Fighting       | 1 |  1.2
Dodging        | |  1.5
Spellcasting   | |  2.1
Hexes          | |  3.0

Action                   || total
-------------------------++-------
Melee: Dagger            ||   110
       Bite              ||    27
       Punch             ||     2
 Stab: Sleeping          ||     4
Armor: Robe              ||    10
Dodge: Dodged            ||    50

Table legend: (Time is in decaauts)
 A = Elapsed time spent in this place.
 B = Non-inter-level travel time spent in this place.
 C = Inter-level travel time spent in this place.
 D = Time resting spent in this place.
 E = Time spent auto-exploring this place.
 F = Levels seen in this place.
 G = Mean time per level.
                   A        B        C        D        E       F      G
               +--------+--------+--------+--------+--------+-----+--------+
         Total |   2346 |   2313 |     33 |    432 |   1557 |   2 | 1173.0 |
       Dungeon |   2346 |   2313 |     33 |    432 |   1557 |   2 | 1173.0 |
               +--------+--------+--------+--------+--------+-----+--------+

Top non-repeatable levels by time:
     D:1: 1597 daAuts
     D:2: 749 daAuts
